 Dungeon Crawl Stone Soup version 0.15-a0-2198-g7f377d1 (webtiles) character file.

28 Ololoev the Vexing (level 3, -5/16 HPs)
             Began as a Spriggan Enchanter on July 23, 2014.
             Killed from afar by Crazy Yiuf (12 damage)
             ... with a wand of frost
             ... on Level 2 of the Dungeon.
             The game lasted 00:05:11 (1635 turns).

Ololoev the Vexing (Spriggan Enchanter)             Turns: 1635, Time: 00:05:11

HP  -5/16        AC  3     Str  4      XL: 3   Next:  0%
MP   2/11        EV 18     Int 16      God:
Gold 43          SH  0     Dex 17      Spells:  2 memorised,  5 levels left

rFire  . . .     SeeInvis +     a - +1 dagger
rCold  . . .     Clarity  .     b - +1 robe
rNeg   . . .     rCorr    .     (shield restricted)
rPois  .         rRot     .     (helmet restricted)
rElec  .         Spirit   .     (no cloak)
SustAb .         Warding  .     (gloves unavailable)
rMut   .         Stasis   .     (boots unavailable)
Gourm  .                        (no amulet)
MR     .....                    (no ring)
                                (no ring)

@: very slightly contaminated, very quick, not resistant to hostile
enchantments, fairly stealthy
A: unfitting armour, see invisible, herbivore 3, speed 3, slow metabolism 2
a: no special abilities


You were on level 2 of the Dungeon.
You were not hungry.

You visited 1 branch of the dungeon, and saw 2 of its levels.

You collected 43 gold pieces.

Inventory:

Hand weapons
 a - a +1 dagger (weapon)
Armour
 b - a +1 robe (worn)
Comestibles
 f - a slice of pizza
 l - a bread ration
Scrolls
 e - a scroll of immolation {unknown}
 h - 2 scrolls of identify {unknown}
 j - 2 scrolls of remove curse {unknown}
 k - 2 scrolls of enchant armour {unknown}
 o - a scroll of amnesia {unknown}
Potions
 d - a potion of porridge
 g - a potion of heal wounds {unknown}
 i - a potion of cancellation {unknown}
 m - a potion of invisibility {unknown}
 n - a potion of might {unknown}
Books
 c - a book of Maledictions

   Spells                             Type                      Level
   *Corona                            Hexes                        1
   Sure Blade                         Hexes/Charms                 2
   *Ensorcelled Hibernation           Hexes/Ice                    2
   Confuse                            Hexes                        3
   Dazzling Spray                     Conjuration/Hexes            3
   Enslavement                        Hexes                        4


   Skills:
 - Level 1.1 Short Blades
 - Level 3.0 Dodging
 - Level 4.4 Stealth
 + Level 3.3 Spellcasting
 * Level 4.6 Hexes


You had 5 spell levels left.
You knew the following spells:

 Your Spells              Type           Power        Failure   Level  Hunger
a - Corona                Hex            ###....      3%          1    None
b - Ensorcelled Hibernat  Hex/Ice        ##....       12%         2    ##.....


Dungeon Overview and Level Annotations

Branches:
Dungeon (2/15)

Altars:

Annotations:
D:2 Crazy Yiuf


Innate Abilities, Weirdness & Mutations

You are tiny and cannot use many weapons and most armour.
You have supernaturally acute eyesight.
You are a herbivore.
You cover ground extremely quickly.
You need consume almost no food.


Message History

Crazy Yiuf shouts!
Crazy Yiuf zaps a wand.
The puff of frost hits you!
Casting: Ensorcelled Hibernation
Confirm with . or Enter, or press ? or * to list all spells.
Aiming: Ensorcelled Hibernation
Press: ? - help, Shift-Dir - straight line, f/p - Crazy Yiuf
Aim: Crazy Yiuf, wielding a quarterstaff of chaos, wearing a cloak and carrying a wand of frost {zapped: 2} You miscast Ensorcelled Hibernation.
You are very lightly contaminated with residual magic.
Wisps of condensation drift from your hands.
Crazy Yiuf says, "Gnoll Orb Guardian Xom!"
Casting: Ensorcelled Hibernation
Confirm with . or Enter, or press ? or * to list all spells.
Aiming: Ensorcelled Hibernation
Press: ? - help, Shift-Dir - straight line, f/p - Crazy Yiuf
Aim: Crazy Yiuf, wielding a quarterstaff of chaos, wearing a cloak and carrying a wand of frost {zapped: 2} Crazy Yiuf is unaffected.
Crazy Yiuf zaps a wand.
The puff of frost hits you!
Crazy Yiuf zaps a wand.
The puff of frost hits you!
Ouch! That really hurt!
You die...

#..........# #.. #[.........#
#... ...........# #..#
...######### #..# ...#
#..##♣♣♣♣♣ ...#
######..#..♣.♣♣♣ ......
.........♣..♣..♣ ######
#####......g♣♣♣♣.g...#
........).....#.@#.♣♣ ♣#..)#
.%..............##♣♣ ###
................#
................#
############....#############
...........................>#
(......#####..#######.#######
.#####.# ###..# #.# .....#..
....#######'####


You could see Crazy Yiuf.

Vanquished Creatures
  3 bats
  2 giant cockroaches
  7 goblins
  5 hobgoblins
  2 giant geckos
  2 kobolds (D:1)
  7 rats
28 creatures vanquished.

Notes
Turn   | Place    | Note
--------------------------------------------------------------
     0 | D:1      | Ololoev, the Spriggan Enchanter, began the quest for the Orb.
     0 | D:1      | Reached XP level 1. HP: 9/9 MP: 4/4
   544 | D:1      | Reached XP level 2. HP: 13/13 MP: 7/7
   548 | D:1      | Learned a level 2 spell: Ensorcelled Hibernation
  1501 | D:2      | Reached XP level 3. HP: 16/16 MP: 0/11
  1616 | D:2      | Noticed Crazy Yiuf
  1635 | D:2      | Killed from afar by Crazy Yiuf

Action                   || total
-------------------------++-------
Melee: Dagger            ||    86
 Cast: Corona            ||     4
       Ensorcelled Hiber ||    14
 Stab: Sleeping          ||     7
